 Dungeon Crawl Stone Soup version 0.32-a0-540-g866d13106e (webtiles) character file.

Game seed: 16450907490442795843

183 HC7 the Ducker (level 5, 0/49 HPs)
             Began as a Troll Warper on Feb 28, 2024.
             Was a Follower of Sif Muna.
             Slain by a scorpion (7 damage)
             ... on level 3 of the Dungeon.
             The game lasted 00:07:02 (2303 turns).

HC7 the Ducker (Troll Warper)                       Turns: 2303, Time: 00:07:03

Health: 0/49       AC:  5    Str: 19    XL:     5   Next: 35%
Magic:  7/7        EV: 10    Int:  9    God:    Sif Muna [*.....]
Gold:   117        SH:  0    Dex: 11    Spells: 8/8 levels left

rFire   x .          .
                       - Unarmed
rCold   + . .        (no shield)
rNeg    . . .        b - +1 robe
rPois   .            (helmet restricted)
rElec   .            (no cloak)
rCorr   .            (gloves unavailable)
SInv    +            (boots unavailable)
Will    .....        (no amulet)
Stlth   +            h - ring of see invisible
HPRegen 1.08/turn    f - ring of ice
MPRegen 0.10/turn

%: no passive effects
@: lethally poisoned (0 -> -2)
A: large, unfitting armour, claws 3, regeneration 1, shaggy fur 1, tough skin 1
a: Renounce Religion, Channel Magic


You were on level 3 of the Dungeon.
You worshipped Sif Muna.
Sif Muna was aware of your devotion.
You visited 1 branch of the dungeon, and saw 3 of its levels.

You collected 216 gold pieces.
You spent 99 gold pieces at shops.

Inventory:

Hand Weapons
 a - a +1 spear
 g - a +0 sling
Missiles
 d - 7 darts of dispersal (quivered)
Armour
 b - a +1 robe (worn)
Jewellery
 f - a ring of ice (right claw)
 h - a ring of see invisible (left claw)
 o - a ring of fire
Talismans
 k - a dragon-blood talisman
Wands
 s - a wand of flame (10)
Scrolls
 c - a scroll of blinking
 e - 5 scrolls of identify
 i - 2 scrolls of teleportation
 n - a scroll of vulnerability {unknown}
 p - a scroll of enchant weapon
 q - a scroll of enchant armour
 r - a scroll of revelation {unknown}
Potions
 j - 2 potions of enlightenment {unknown}
 l - a potion of haste {unknown}
 m - a potion of lignification {unknown}


   Skills:
 + Level 1.8 Fighting
 + Level 1.6 Polearms
 + Level 0.8 Throwing
 + Level 2.6 Dodging
 * Level 1.0 Stealth
 + Level 2.1 Unarmed Combat
 * Level 2.0 Spellcasting
 + Level 2.5 Translocations
 * Level 0.8 Shapeshifting


You had 8 spell levels left.
You didn't know any spells.
Your spell library contained the following spells:

 Spells                   Type           Power      Damage    Failure   Level
 Blink                    Tloc           10%        N/A       19%         2
 Lesser Beckoning         Tloc           10%        N/A       19%         2
 Summon Small Mammal      Summ           0%         N/A       32%         1
 Teleport Other           Tloc           5%         N/A       34%         3
 Call Canine Familiar     Summ           0%         N/A       69%         3
 Tukima's Dance           Hex            0%         N/A       69%         3
 Manifold Assault         Tloc           5%         N/A       75%         4
 Dimensional Bullseye     Hex/Tloc       1%         N/A       89%         4
 Iskenderun's Mystic Bla  Conj/Tloc      3%         2d3       89%         4
 Vhi's Electric Charge    Tloc/Air       6%         N/A       89%         4
 Summon Blazeheart Golem  Fire/Summ      0%         N/A       97%         4


Dungeon Overview and Level Annotations

Branches:
Dungeon (3/15)

Altars:
Sif Muna

Shops:
D:1 ?


Innate Abilities, Weirdness & Mutations

You are too large for most types of armour.
You have claws for hands.
Your natural rate of healing is unusually fast.
You are covered in fur. (AC +1)
You have tough skin. (AC +1)


Message History

You scratch the scorpion but do no damage.
The scorpion stings you.
You closely miss the scorpion. The scorpion stings you.
You are poisoned.
The scorpion poisons you!
You closely miss the scorpion.
You feel sick. The scorpion stings you.
You are more poisoned.
The scorpion poisons you!
You closely miss the scorpion.
You feel very sick. The scorpion closely misses you.
You closely miss the scorpion.
You feel very sick. The scorpion barely misses you.
The scorpion stings you but does no damage.
You closely miss the scorpion.
You feel very sick. The scorpion stings you.
You are more poisoned.
The scorpion poisons you!
You claw the scorpion!
The scorpion is severely wounded.
You feel very sick. The scorpion stings you!
You closely miss the scorpion.
The scorpion is severely wounded.
You feel very sick. The scorpion closely misses you.
You scratch the scorpion.
The scorpion is severely wounded.
You feel very sick. The scorpion barely misses you.
You closely miss the scorpion.
The scorpion is severely wounded.
You feel sick. The scorpion closely misses you.
You barely miss the scorpion.
The scorpion is severely wounded.
You feel very sick. The scorpion closely misses you. The scorpion stings you!
You die...

#.......#.#.##.
#......)..#.###
#####'#####.#
#.#####.###
#.....#.##.
###########.###.#.##.
#.....[.......#.#.##.
####.######.#.#.#.##.
#@# #<#.#.#.##. #s#
#.#.#.#.##. ###
#.#.#.#....
#.#.#.##### #.#...#
#########.#####
#.........#
#.######### #.#
########


You could see a scorpion.

Vanquished Creatures
  An orc priest (D:3)
  Ijyb (D:3)
  6 adders
  2 ribbon worms (D:2)
  2 dart slugs
  6 orcs (D:3)
  10 bats
  3 endoplasms
  2 giant cockroaches
  5 goblins
  3 hobgoblins
  2 quokkas
  6 ball pythons
  4 frilled lizards
  2 kobolds (D:2)
  4 rats
59 creatures vanquished.

Notes
Turn   | Place    | Note
-------+----------+-------------------------------------------
     0 | D:1      | HC7 the Troll Warper began the quest for the Orb.
     0 | D:1      | Reached XP level 1. HP: 19/19 MP: 1/1
   164 | D:1      | Reached XP level 2. HP: 27/27 MP: 3/3
   311 | D:1      | Found a faded altar of an unknown god.
   401 | D:1      | Found Ryot's Magic Scroll Boutique.
   420 | D:1      | Bought a scroll of teleportation for 33 gold pieces
   420 | D:1      | Bought a scroll of identify for 22 gold pieces
   420 | D:1      | Bought a scroll of identify for 22 gold pieces
   741 | D:1      | Bought a scroll of identify for 22 gold pieces
   818 | D:2      | Reached XP level 3. HP: 31/33 MP: 4/4
   978 | D:2      | Reached XP level 4. HP: 42/42 MP: 5/5
  1017 | D:2      | Reached skill level 1 in Unarmed Combat
  1027 | D:2      | Found a shimmering blue altar of Sif Muna.
  1041 | D:2      | Became a worshipper of Sif Muna the Loreminder
  1879 | D:3      | Reached XP level 5. HP: 49/49 MP: 6/6
  1960 | D:3      | Reached skill level 1 in Stealth
  1995 | D:3      | Reached * piety under Sif Muna
  2168 | D:3      | Noticed Ijyb
  2173 | D:3      | Killed Ijyb
  2303 | D:3      | Slain by a scorpion

Illustrated notes

Levels and vault maps discovered:
D:1:      roadster_arrival_rocket_small, layout_basic,
          shapermc_ecumenical_altar_mp_urbaneastern, serial_shops, shop
D:2:      layout_basic, basic_altar, minmay_tall_x
D:3:      layout_basic, uniq_ijyb

Skill      XL: |  1  2  3  4  5 |
---------------+----------------+-----
Dodging        | 2 |  2.6
Unarmed Combat | 1 2 |  2.1
Stealth        | 1 |  1.0
Spellcasting   | 2 |  2.0
Fighting       | |  1.8
Polearms       | |  1.6
Throwing       | |  0.8
Translocations | |  2.5
Shapeshifting  | |  0.8

Action                     |  1- 3 |  4- 6 || total
---------------------------+-------+-------++-------
  Melee: Unarmed           |    99 |   125 ||   224
         Punch             |     1 |       ||     1
    Use: Scroll            |       |     2 ||     2
   Stab: Sleeping          |       |     1 ||     1
 Armour: Robe              |   105 |    78 ||   183
  Dodge: Dodged            |    83 |    62 ||   145

Table legend: (Time is in decaauts)
 A = Elapsed time spent in this place.
 B = Non-inter-level travel time spent in this place.
 C = Inter-level travel time spent in this place.
 D = Time resting spent in this place.
 E = Time spent auto-exploring this place.
 F = Levels seen in this place.
 G = Mean time per level.
                   A        B        C        D        E       F      G
               +--------+--------+--------+--------+--------+-----+--------+
         Total |   2298 |   2244 |     54 |      0 |   1436 |   3 |  766.0 |
       Dungeon |   2298 |   2244 |     54 |      0 |   1436 |   3 |  766.0 |
               +--------+--------+--------+--------+--------+-----+--------+

Top non-repeatable levels by time:
     D:2: 1008 daAuts
     D:1: 666 daAuts
     D:3: 624 daAuts
